 Dungeon Crawl Stone Soup version 0.23.2-40-g277498a001 (webtiles) character file.

Game seed: 4071946191045361220

149 Fistmachine the Digger (level 5, -1/30 HPs)
             Began as a Gargoyle Earth Elementalist on Oct 17, 2019.
             Slain by Natasha (2 damage)
             ... on level 2 of the Dungeon.
             The game lasted 00:16:02 (1310 turns).

Fistmachine the Digger (GrEE)                       Turns: 1310, Time: 00:16:03

Health: -1/30      AC: 10    Str: 12    XL:     5   Next: 31%
Magic:  18/18      EV:  9    Int: 16    God:
Gold:   99         SH:  0    Dex: 10    Spells: 6/10 levels left

rFire    . . .     SeeInvis .   l - +0 dagger
rCold    . . .     Gourm    .   (no shield)
rNeg     + . .     Faith    .   h - +0 scale mail
rPois    ∞         Spirit   .   (no helmet)
rElec    +         Reflect  .   (no cloak)
rCorr    .         Harm     .   (no gloves)
MR       .....                  (no boots)
Stlth    ..........             o - amulet of regeneration
HPRegen  0.50/turn              f - ring of magical power
MPRegen  0.16/turn              (no ring)

@: no status effects
A: negative energy resistance 1, electricity resistance, unbreathing,
petrification resistance, rot immunity, AC +4
a: no special abilities


You were on level 2 of the Dungeon.
You were not hungry.

You visited 1 branch of the dungeon, and saw 2 of its levels.

You collected 99 gold pieces.

Inventory:

Hand Weapons
 g - a +0 club
 k - a +0 club
 l - a +0 dagger (weapon)
Missiles
 i - 25 sling bullets
Armour
 c - a +0 robe
 h - a +0 scale mail (worn)
 s - a +0 ring mail
 t - a +0 leather armour
 u - a +0 ring mail
Jewellery
 f - a ring of magical power (left hand)
 o - an amulet of regeneration (around neck)
Scrolls
 a - 2 scrolls of amnesia {unknown}
 e - 2 scrolls of identify {unknown}
 m - 2 scrolls of remove curse {unknown}
 p - 2 scrolls of teleportation {unknown}
 q - a scroll of enchant armour {unknown}
Potions
 j - a potion of mutation {unknown}
 n - a potion of magic {unknown}
 r - a potion of curing {unknown}
Comestibles
 d - 2 rations


   Skills:
 * Level 1.9 Fighting
 + Level 0.1 Armour
 - Level 1.5 Dodging
 - Level 2.1 Stealth
 * Level 3.2 Spellcasting
   Level 0.7 Transmutations
 * Level 5.5 Earth Magic


You had 6 spell levels left.
You knew the following spells:

 Your Spells              Type           Power        Failure   Level  Hunger
a - Sandblast             Erth           ###...       11%         1    None
b - Stone Arrow           Conj/Erth      ##....       69%         3    ###....

Your spell library contained the following spells:

 Spells                   Type           Power        Failure   Level  Hunger
 Passwall                 Tmut/Erth      ##......     38%         2    ##.....
 Petrify                  Tmut/Erth      ##......     95%         4    ####...
 Lee's Rapid Deconstruct  Erth           ###.......   96%         5    ######.


Dungeon Overview and Level Annotations

Branches:
Dungeon (2/15)

Altars:

Annotations:
D:2 Natasha


Innate Abilities, Weirdness & Mutations

You are resistant to torment.
Your stone body is resilient. (AC +4)
You are immune to poison.
You resist negative energy. (rN+)
You are resistant to electric shocks. (rElec)
You can survive without breathing.
You are immune to petrification.
You are immune to rotting.


Message History

Natasha claws you.
* * * LOW HITPOINT WARNING * * *
The crimson imp hits you but does no damage. x2
You miss Natasha.
Natasha is moderately wounded.
Natasha claws you.
* * * LOW HITPOINT WARNING * * *
The crimson imp closely misses you. The crimson imp barely misses you.
You hit Natasha but do no damage.
Natasha is moderately wounded.
Natasha stares at you and mumbles some strange words.
The magic dart hits you but does no damage.
The crimson imp hits you.
* * * LOW HITPOINT WARNING * * *
The crimson imp blinks!
The white imp shouts, "Out, out, thou unmuzzled fob-snatching snaffler!"
You hit Natasha but do no damage.
Natasha is moderately wounded.
Natasha claws you.
You die...

.##.##.############...# #...#
.##.##.# ##.## #...# .......#
###.##### #...# ###.##########
#.......# #...# ###.####.....#
#..[.##.####...#
.......#.....#####....#..........
.#.###.#..#...##.................
..## #.......##5#.##.#.<.......>
..# #...†...##@#.##.##.####...#
..## ##.###....5h#.......# #...#
)#.###..# #.#.#..####.#### #...#
........# #.#.#..####.# #...#
##.#.##.###...........#######...#
#.#......#......####.......#...#
#.#.#..#.#.....## #.#####.##.##
#.#.#..#.#.....# #.#####.##...
#.[...........## #.##.........


You could see Natasha, a crimson imp and a white imp.

Vanquished Creatures
  Natasha (twice) (D:2)
  3 gnolls (D:2)
  3 adders (D:2)
  An ooze (D:2)
  A worm (D:2)
  2 dart slugs
  An orc (D:2)
  5 bats
  2 giant cockroaches
  5 goblins
  2 hobgoblins
  A quokka (D:2)
  2 frilled lizards (D:1)
  2 kobolds
  5 rats
37 creatures vanquished.

Notes
Turn   | Place    | Note
-------+----------+-------------------------------------------
     0 | D:1      | Fistmachine the Gargoyle Earth Elementalist began the quest
                  | for the Orb.
     0 | D:1      | Reached XP level 1. HP: 10/10 MP: 3/3
   213 | D:1      | Reached skill level 4 in Earth Magic
   215 | D:1      | Reached XP level 2. HP: 15/15 MP: 5/5
   742 | D:2      | Reached XP level 3. HP: 17/20 MP: 6/6
   866 | D:2      | Reached skill level 5 in Earth Magic
   870 | D:2      | Reached skill level 1 in Fighting
   870 | D:2      | Reached XP level 4. HP: 25/25 MP: 7/7
  1084 | D:2      | Noticed Natasha
  1100 | D:2      | Killed Natasha
  1100 | D:2      | Reached XP level 5. HP: 29/30 MP: 9/9
  1105 | D:2      | Learned a level 3 spell: Stone Arrow
  1216 | D:2      | Noticed Natasha
  1229 | D:2      | Killed Natasha
  1284 | D:2      | Noticed Natasha
  1309 | D:2      | HP: 1/30 [crimson imp[Natasha] (2)]
  1310 | D:2      | Slain by Natasha

Skill      XL: |  1  2  3  4 |
---------------+-------------+-----
Earth Magic    | 4 5 |  5.5
Fighting       | 1 |  1.9
Spellcasting   | 3 |  3.2
Armour         | |  0.1
Dodging        | |  1.5
Stealth        | |  2.1
Transmutations | |  0.7

Action                   |  1- 3 |  4- 6 || total
-------------------------+-------+-------++-------
Melee: Unarmed           |     1 |       ||     1
       Dagger            |    12 |    41 ||    53
Throw: Stone             |     9 |       ||     9
 Cast: Sandblast         |    37 |    21 ||    58
  Eat: Ration            |       |     1 ||     1
Armor: Scale mail        |    16 |    24 ||    40
Dodge: Dodged            |    14 |    16 ||    30
